cohdb
Replays
Latest Replays
All Replays
Popular Replays
Top Player Replays
Match Explorer
How It Works
Community
CoH3 Stats
Reddit
Sign in to upload your games and track your stats! →
Sign in with Steam
Match 38658522
Unlisted
Match 38658522
Overview
Messages
Build Orders
End
Royal Engineer Section
Construct Section Command Post
Vickers Machine Gun Team
Infantry Section
Infantry Section
Selects Indian Artillery Battlegroup
Selects Towed ML 4.2-inch Heavy Mortar
Towed ML 4.2-inch Heavy Mortar
Construct Platoon Command Post
Humber Armored Car
Selects Valour
Selects Gurkha Rifles Section
Construct Company Command Post
Foot Guards Section
Unlock M3 Grant Medium Tanks
M3 Grant Medium Tank
Gurkha Rifles Section
Selects Volunteer Infantry
Infantry Training
Selects Off-map Airburst Barrage
Selects BL5.5 Artillery Emplacement
M3 Grant Medium Tank
Armored Vehicle Training
Off-map Airburst Barrage
Off-map Airburst Barrage
M3 Grant Medium Tank
M3 Grant Medium Tank
Unlock Towed 17-pounder Anti-tank Guns
只愛❤毛妹
Zeal
0
0
Comments
sign in to comment!
No comments posted yet!